 Dungeon Crawl Stone Soup version 0.20-a0-214-gb74cb0e (webtiles) character file.

125 patrickswayze the Sneak (level 4, -9/27 HPs)
             Began as a Deep Elf Chaos Knight on Nov 27, 2016.
             Killed by the capriciousness of Xom (33 damage)
             ... on level 3 of the Dungeon.
             The game lasted 00:03:11 (2442 turns).

patrickswayze the Sneak (Deep Elf Chaos Knight)     Turns: 2442, Time: 00:03:11

Health: -9/27      AC: 10    Str:  9    XL:     4   Next: 82%
Magic:  6/6        EV: 11    Int: 17    God:    Xom [*.....]
Gold:   109        SH:  0    Dex: 15    Spells: 3/3 levels left

rFire  . . .     SeeInvis .     a - +0 short sword (chaos)
rCold  . . .     Gourm    .     e - +4 ring mail
rNeg   . . .     Faith    .     (no shield)
rPois  .         Spirit   .     b - +0 helmet
rElec  .         Reflect  .     (no cloak)
rCorr  .         Harm     .     (no gloves)
MR     .....                    (no boots)
Stlth  +++.......               (no amulet)
                                (no ring)
                                g - ring of flight

@: no status effects
A: no striking features
a: Renounce Religion, Evoke Flight


You were on level 3 of the Dungeon.
You worshipped Xom.
You were a BORING thing.
You were not hungry.

You visited 1 branch of the dungeon, and saw 3 of its levels.

You collected 109 gold pieces.


   Skills:
 - Level 2.4 Fighting
 - Level 3.0 Short Blades
 - Level 0.7 Armour
 - Level 2.4 Dodging
 + Level 6.0 Stealth


You had 3 spell levels left.
You didn't know any spells.

Inventory:

Hand Weapons
 a - a +0 short sword of chaos (weapon)
Missiles
 l - 118 stones (quivered)
Armour
 b - a +0 helmet (worn)
 e - a +4 ring mail (worn)
 t - a +2 pair of gloves
Jewellery
 g - a ring of flight (left hand)
 u - an uncursed ring of resist corrosion {unknown}
Scrolls
 j - a scroll of remove curse {unknown}
 m - 2 scrolls of teleportation
 o - a scroll of identify
Potions
 d - 2 potions of curing {unknown}
 h - a potion of haste {unknown}
 n - a potion of flight {unknown}
 q - 2 potions of magic {unknown}
 r - 2 potions of berserk rage {unknown}
Comestibles
 c - 3 bread rations
 f - 25 fruits
 i - 5 chunks of flesh
 k - a royal jelly
 p - a slice of pizza
 s - a beef jerky


Message History

The ooze is heavily wounded.
The ooze barely misses you.
Your ring mail prevents you from hitting the ooze.
The ooze is heavily wounded.
Xom is getting BORED.
The ooze hits you but does no damage.
You hit the ooze.
The ooze is almost dead.
The ooze hits you.
You hit the ooze. You burn the ooze.
You kill the ooze!
Your Stealth skill increases to level 6!
No target in view!
Xom is getting BORED.
You are now a BORING thing.
You hear Xom's maniacal laughter.
You convulse helplessly as pain tears through your body!
Ouch! That really hurt!
You die...
Xom laughs nastily!

### ##
#############.###.#
................#.#
##########....###.#
.............@.#
##########.######.#
................#.#
########...####.#.#
#<#...# #(#.#
#####.#...# #.#.#
#.....#...# #.#.#
##.....#...# #.#.#
)......#...# #.#


There were no monsters in sight!

Vanquished Creatures
  4 adders (D:2)
  2 oozes (D:3)
  A worm (D:2)
  A dart slug (D:1)
  3 leopard geckos
  An orc (D:3)
  6 giant cockroaches
  7 hobgoblins
  9 jackals
  7 kobolds
  A quokka (D:2)
  2 ball pythons
  4 bats
  2 frilled lizards
  12 goblins
  4 rats
66 creatures vanquished.

Notes
Turn   | Place    | Note
-------+----------+-------------------------------------------
     0 | D:1      | patrickswayze the Deep Elf Chaos Knight began the quest for the Orb.
     0 | D:1      | Reached XP level 1. HP: 13/13 MP: 3/3
    32 | D:1      | Reached skill level 1 in Stealth
    83 | D:1      | Reached skill level 2 in Stealth
   254 | D:1      | Reached XP level 2. HP: 15/18 MP: 4/4
   311 | D:1      | XOM: divination: detect creatures
   448 | D:1      | Reached skill level 3 in Stealth
   525 | D:1      | Reached XP level 3. HP: 21/22 MP: 5/5
   682 | D:1      | XOM: silly message
   804 | D:2      | Reached skill level 4 in Stealth
   816 | D:2      | XOM: cloud trail
  1087 | D:2      | XOM: butterfly on damage
  1097 | D:2      | XOM: scenery: create altars
  1108 | D:2      | Found a faded altar of an unknown god.
  1138 | D:2      | Reached XP level 4. HP: 22/27 MP: 6/6
  1404 | D:2      | XOM: divination: magic mapping
  1416 | D:2      | XOM: mild Air miscast
  1605 | D:2      | Reached skill level 5 in Stealth
  1654 | D:2      | Found a sacrificial altar of Ru.
  1882 | D:3      | XOM: god gift: 6 stones
  1902 | D:3      | XOM: 5-stop teleportation journey
  1999 | D:3      | Found an iron altar of Okawaru.
  2355 | D:3      | Found a glowing golden altar of the Shining One.
  2426 | D:3      | Reached skill level 6 in Stealth
  2442 | D:3      | XOM is BORED!
  2442 | D:3      | XOM: medium Necr miscast
  2442 | D:3      | Killed by the capriciousness of Xom

Vault maps used:
D:1:      zaba_arrival_water, minmay_misc_feat_five
D:2:      marbit_many_paths, chequers_ecumenical_altar_simple_redux,
          first_bread, dk_vineyard_2, roderic_three_in_a_row
D:3:      nicolae_overflow_crystal_walls, minmay_misc_feat_more_columns,
          tso_altar

Action                   |  1- 3 |  4- 6 || total
-------------------------+-------+-------++-------
Melee: Short sword       |   118 |    65 ||   183
  Use: Scroll            |     2 |       ||     2
 Stab: Sleeping          |       |     7 ||     7
       Distracted        |       |     1 ||     1
  Eat: Chunk             |     1 |     4 ||     5
Armor: Leather armour    |    33 |     1 ||    34
       Ring mail         |       |    23 ||    23
Dodge: Dodged            |    67 |    22 ||    89
